 Dungeon Crawl Stone Soup version 0.31.0-9-g3a7656b989 (webtiles) character file.

Game seed: 13761987661908764503

319 qw the Shooter (level 6, -1/32 HPs)
             Began as a Spriggan Hunter on Feb 2, 2024.
             Slain by Duvessa
             ... wielding a +3 vampiric short sword
              (7 damage)
             ... on level 4 of the Dungeon.
             The game lasted 00:00:07 (1937 turns).

qw the Shooter (Spriggan Hunter)                    Turns: 1937, Time: 00:00:08

Health: -1/32      AC:  2    Str:  7    XL:     6   Next: 21%
Magic:  7/7        EV: 20    Int: 10    God:
Gold:   133        SH:  0    Dex: 21    Spells: 5/5 levels left

rFire   . . .        a - +2 shortbow (heavy)
rCold   . . .        (shield currently unavailable)
rNeg    . . .        c - +0 robe
rPois   .            (helmet restricted)
rElec   .            (no cloak)
rCorr   .            (gloves unavailable)
SInv    +            (boots unavailable)
Will    +....        (no amulet)
Stlth   ++           (no ring)
HPRegen 0.25/turn    (no ring)
MPRegen 0.10/turn

%: no passive effects
@: very quick
A: very small, no large weapons, unfitting armour, see invisible, speed 3
a: no special abilities


You were on level 4 of the Dungeon.
You visited 1 branch of the dungeon, and saw 4 of its levels.

You collected 133 gold pieces.


Innate Abilities, Weirdness & Mutations

You are very small and have problems with some larger weapons.
You are too small for most types of armour.
You have supernaturally acute eyesight. (SInv)
You cover ground extremely quickly. (Speed+++)


   Skills:
 - Level 2.5 Fighting
 - Level 6.2 Ranged Weapons
 + Level 5.1 Dodging
 - Level 1.5 Stealth


You had 5 spell levels left.
You didn't know any spells.
Your spell library was empty.

Inventory:

Hand Weapons
 a - a +2 heavy shortbow (weapon)
Armour
 c - a +0 robe (worn)
Jewellery
 j - a ring of ice
Potions
 d - 4 potions of curing
 f - 3 potions of might
 i - a potion of heal wounds {unknown}

Dungeon Overview and Level Annotations

Branches:
Dungeon (4/15)
 Temple: D:4-7

Altars:
Yredelemnul

Annotations:
D:4 Dowan, Duvessa


Message History

You shoot an arrow. The arrow hits Duvessa!
Duvessa is moderately wounded.
A ball python comes into view.
You shoot an arrow. The ball python hisses angrily.
The arrow hits Duvessa.
Duvessa is moderately wounded.
You hear a shout!
A jackal comes into view.
Dowan, Brother of Duvessa comes into view.
He is wielding a +0 dagger.
You shoot an arrow. The jackal barks!
The arrow hits Duvessa but does no damage.
Duvessa is moderately wounded.
A goblin comes into view. It is wielding a +0 dagger.
You shoot an arrow. The arrow hits Duvessa.
Duvessa is heavily wounded.
Duvessa misses you.
You shoot an arrow. The arrow hits Duvessa.
Duvessa is heavily wounded.
Duvessa hits you with a +3 vampiric short sword!
Duvessa draws strength from your wounds!
The jackal completely misses you. The ball python misses you. x2
Duvessa hits you with a +3 vampiric short sword!
Duvessa draws strength from your wounds!
You shoot an arrow. The arrow hits Duvessa!
Duvessa is severely wounded.
The jackal completely misses you. The ball python barely misses you.
The ball python misses you.
Duvessa hits you with a +3 vampiric short sword.
Dowan casts a spell.
Dowan blinks!
The jackal misses you. The ball python bites you.
The ball python completely misses you.
You shoot an arrow. The arrow hits Duvessa.
Duvessa is severely wounded.
The jackal barely misses you. Duvessa completely misses you.
The ball python barely misses you. The ball python closely misses you.
The jackal closely misses you.
Duvessa hits you with a +3 vampiric short sword!
You die...

.. . . .# #... #. ## ...
.#.### ..#### ....
....########.......
.....##.......#.##......
#......).......##..##..
#.$..h@.....#..........
....#.eS.....##.........
..%..g....!.....>.......
.............###.....#..
...>.e#......# #....###.
.......%.....# ###.#.##.
.............#####....#.
...#........###.........
#........#...#.......


You could see Duvessa, Dowan, a jackal, a goblin and a ball python.

Vanquished Creatures
  An ogre (D:4)
  A scorpion (D:3)
  Jessica (D:2)
  An iguana (D:4)
  Terence (D:2)
  2 adders (D:2)
  3 dart slugs
  2 orcs (D:3)
  4 ball pythons
  3 endoplasms
  4 giant cockroaches
  5 goblins
  5 hobgoblins
  16 jackals
  5 kobolds
  A quokka (D:2)
  4 bats
  3 frilled lizards
  10 rats
72 creatures vanquished.

Notes
Turn   | Place    | Note
-------+----------+-------------------------------------------
     0 | D:1      | qw the Spriggan Hunter began the quest for the Orb.
     0 | D:1      | Reached XP level 1. HP: 10/10 MP: 2/2
     0 | D:1      | 0 ||| qw: Version: 0.3-a-155-g5e7d8dd
     0 | D:1      | 0 ||| qw: Game counter: 2298
     0 | D:1      | 0 ||| qw: Melee chars always use a shield: true
     0 | D:1      | 0 ||| qw: God list: Okawaru
     0 | D:1      | 0 ||| qw: Allow faded altars: false
     0 | D:1      | 0 ||| qw: Do Orc after clearing Dungeon:15 true
     0 | D:1      | 0 ||| qw: Do second Lair branch before Depths: true
     0 | D:1      | 0 ||| qw: Lair rune preference: random
     0 | D:1      | 0 ||| qw: Goals: Normal
     0 | D:1      | 0 ||| PLANNING D:1-11
   149 | D:1      | Reached skill level 3 in Dodging
   214 | D:1      | Reached XP level 2. HP: 7/14 MP: 3/3
   707 | D:1      | Reached XP level 3. HP: 18/18 MP: 4/4
   748 | D:1      | 748 ||| READING scroll labelled BUUTIKHUGO.
   748 | D:1      | 748 ||| BRANDING +0 shortbow.
   749 | D:1      | 749 ||| READING 2 scrolls labelled PYSEUJAFOTU.
   850 | D:1      | 850 ||| DRINKING 2 murky orange potions.
   851 | D:1      | 851 ||| DRINKING 2 bubbling red potions.
   852 | D:1      | 852 ||| DROPPING scroll of butterflies.
   853 | D:1      | 853 ||| DROPPING scroll of vulnerability.
   901 | D:2      | Found a basalt altar of Yredelemnul.
   920 | D:2      | Noticed Terence
   924 | D:2      | Killed Terence
   925 | D:2      | Reached skill level 5 in Ranged Weapons
   957 | D:2      | Reached XP level 4. HP: 15/22 MP: 5/5
   958 | D:2      | Noticed Jessica
   962 | D:2      | Killed Jessica
   963 | D:2      | 963 ||| FLEEEEING.
  1241 | D:2      | HP: 5/22 [poisoned by an adder]
  1412 | D:2      | 1412 ||| READING 2 scrolls labelled ASU KAURITWU.
  1412 | D:2      | 1412 ||| ENCHANTING +0 heavy shortbow.
  1413 | D:2      | 1413 ||| READING scroll of enchant weapon.
  1413 | D:2      | 1413 ||| ENCHANTING +1 heavy shortbow.
  1414 | D:2      | 1414 ||| READING scroll labelled DASOWYAGEN.
  1415 | D:2      | 1415 ||| READING scroll labelled OCOHAM GORAU.
  1456 | D:2      | 1456 ||| DRINKING 3 coppery potions.
  1457 | D:2      | 1457 ||| DROPPING 2 potions of brilliance.
  1506 | D:3      | 1506 ||| DROPPING +2 sling of freezing.
  1515 | D:3      | Noticed a scorpion
  1517 | D:3      | Killed a scorpion
  1518 | D:3      | Reached XP level 5. HP: 27/27 MP: 6/6
  1845 | D:3      | 1845 ||| DROPPING amulet of magic regeneration.
  1922 | D:4      | Noticed an ogre
  1927 | D:4      | Killed an ogre
  1928 | D:4      | Reached skill level 6 in Ranged Weapons
  1928 | D:4      | Reached XP level 6. HP: 32/32 MP: 7/7
  1930 | D:4      | Noticed Duvessa
  1932 | D:4      | Noticed Dowan
  1936 | D:4      | HP: 6/32 [Duvessa/+3 vampiric short sword (3)]
  1937 | D:4      | Slain by Duvessa

Levels and vault maps discovered:
D:1:      arrival_zaba_pyramid, layout_basic
D:2:      layout_rooms, basic_altar, serial_bayou_ford_a, uniq_terence,
          uniq_jessica
D:3:      layout_rooms
D:4:      layout_cave_pools, serial_bayou_pond_d, uniq_duvessa

Skill      XL: |  1  2  3  4  5 |
---------------+----------------+-----
Dodging        | 3 4 5 |  5.1
Ranged Weapons | 5 6 |  6.2
Fighting       | 2 |  2.5
Stealth        | |  1.5

Action                     |  1- 3 |  4- 6 || total
---------------------------+-------+-------++-------
   Fire: Shortbow          |    75 |    83 ||   158
    Use: Scroll            |     2 |     4 ||     6
         Potion            |     2 |     1 ||     3
 Armour: Robe              |    14 |    13 ||    27
  Dodge: Dodged            |    54 |    40 ||    94

Table legend:
 A = Non-vault XP
 B = Vault XP
 C = Vault XP percentage of total XP
 D = Non-vault monster count
 E = Vault monster count
 F = Vault count percentage of total count
                 A         B        C        D         E       F
            +---------+---------+-------+---------+---------+-------
      Total |     383 |      73 |  16.0 |      70 |       2 |   2.8
            +---------+---------+-------+---------+---------+-------
        D:1 |      41 |       0 |   0.0 |      21 |       0 |   0.0
        D:2 |      51 |      73 |  58.9 |      17 |       2 |  10.5
        D:3 |     118 |       0 |   0.0 |      22 |       0 |   0.0
        D:4 |     173 |       0 |   0.0 |      10 |       0 |   0.0
            +---------+---------+-------+---------+---------+-------
